 Dungeon Crawl Stone Soup version 0.24-a0-408-gcc1054c7ca (webtiles) character file.

Game seed: 18231292429009563217

73 Kuinu the Skirmisher (level 4, -7/41 HPs)
             Began as a Minotaur Berserker on June 5, 2019.
             Was a Believer of Trog.
             Killed by nerve-wracking pain
             ... invoked by Grinder
              (14 damage)
             ... while paralysed by Grinder
             ... on level 3 of the Dungeon.
             The game lasted 00:04:08 (1070 turns).

Kuinu the Skirmisher (Minotaur Berserker)           Turns: 1070, Time: 00:04:08

Health: -7/41      AC: 12    Str: 26    XL:     4   Next: 8%
Magic:  3/3        EV:  2    Int:  4    God:    Trog [**....]
Gold:   73         SH:  0    Dex:  9    Spells: 3/3 levels left

rFire    + . .     SeeInvis .   a - +0 hand axe
rCold    x . .     Gourm    +   (no shield)
rNeg     . . .     Faith    .   d - +0 chain mail
rPois    .         Spirit   .   (helmet restricted)
rElec    .         Reflect  .   k - +1 cloak
rCorr    .         Harm     .   n - +0 pair of gloves {Str+3}
MR       .....                  (no boots)
Stlth    ..........             j - amulet of the gourmand
HPRegen  0.13/turn              l - ring of fire
MPRegen  0.08/turn              (no ring)

@: paralysed
A: retaliatory headbutt, horns 2
a: Berserk, Trog's Hand, Renounce Religion


You were on level 3 of the Dungeon.
You worshipped Trog.
Trog was pleased with you.
You were completely stuffed.

You visited 1 branch of the dungeon, and saw 3 of its levels.

You collected 73 gold pieces.

Inventory:

Hand Weapons
 a - a +0 hand axe (weapon)
 e - a +0 club
Armour
 b - a +0 animal skin
 d - a +0 chain mail (worn)
 k - a +1 cloak (worn)
 n - a +0 pair of gloves of strength (worn)
Jewellery
 j - an amulet of the gourmand (around neck)
 l - a ring of fire (left hand)
Wands
 q - a wand of polymorph (9)
Scrolls
 g - a scroll of teleportation
Potions
 f - a potion of cancellation {unknown}
 h - 2 potions of agility {unknown}
Comestibles
 c - 4 rations


   Skills:
 * Level 4.5 Fighting
 * Level 4.4 Axes
 * Level 3.3 Armour
 + Level 2.6 Dodging


You had 3 spell levels left.
You didn't know any spells.
Your spell library was empty.

Dungeon Overview and Level Annotations

Branches:
Dungeon (3/15)

Altars:

Annotations:
D:3 Grinder


Innate Abilities, Weirdness & Mutations

You reflexively headbutt those who attack you in melee.
You have a pair of horns on your head.


Message History

You suddenly lose the ability to move!
The kobold throws a stone.
The stone hits you but does no damage. Grinder gestures at you.
Pain shoots through your body!
The kobold throws a stone.
The stone hits you but does no damage. Grinder hits you!
* * * LOW HITPOINT WARNING * * *
You writhe in agony.
* * * LOW HITPOINT WARNING * * *
A goblin comes into view. It is wielding a +0 dagger.
The goblin shouts!
Grinder hits you but does no damage.
A goblin comes into view. It is wielding a +0 club.
The kobold throws a stone.
The stone hits you but does no damage. Grinder gestures at you.
You shrug off the repeated paralysis!
The goblin shouts!
Grinder gestures at you. Pain shoots through your body!
You die...

#.............#
#..)..........#
#.............#
####..........รท..#
#................#
#..............###
+...............<#
#...............##
#.....@.........#
#.....5.........#
#................
#..............###
..g....####......
.gK..#. #....##
.....#. .....
.....#. .#


You could see Grinder, 2 goblins and a kobold.

Vanquished Creatures
  An adder (D:2)
  An ooze (D:1)
  4 worms (D:2)
  A dart slug (D:1)
  5 bats
  2 giant cockroaches
  A goblin (D:2)
  6 hobgoblins
  4 jackals (D:1)
  9 kobolds
  2 ball pythons
  4 frilled lizards
  6 rats
46 creatures vanquished.

Notes
Turn   | Place    | Note
-------+----------+-------------------------------------------
     0 | D:1      | Kuinu the Minotaur Berserker began the quest for the Orb.
     0 | D:1      | Reached XP level 1. HP: 19/19 MP: 0/0
   108 | D:1      | Reached XP level 2. HP: 23/27 MP: 1/1
   540 | D:2      | Reached XP level 3. HP: 30/33 MP: 2/2
   562 | D:2      | Reached ** piety under Trog
   756 | D:2      | Reached XP level 4. HP: 40/41 MP: 3/3
  1054 | D:3      | Noticed Grinder
  1065 | D:3      | Paralysed by Grinder for 7 turns
  1070 | D:3      | Killed from afar by Grinder

Levels and vault maps discovered:
D:1:      lightli_arrival_statuegarden, layout_rooms,
          chequers_serial_rivers_large_a, due_unseen_surprise
D:2:      layout_rooms
D:3:      layout_basic, wad_rectangle_vault, uniq_sigmund, uniq_grinder

Skill      XL: |  1  2 |
---------------+-------+-----
Fighting       | 4 |  4.5
Axes           | 4 |  4.4
Armour         | 3 |  3.3
Dodging        | |  2.6

Action                   |  1- 3 |  4- 6 || total
-------------------------+-------+-------++-------
Melee: Hand axe          |   128 |     9 ||   137
       Headbutt          |    13 |     1 ||    14
  Use: Scroll            |     2 |     2 ||     4
  Eat: Chunk             |    12 |     1 ||    13
Armor: Chain mail        |    95 |     7 ||   102
Dodge: Dodged            |    69 |     4 ||    73

Table legend:
 A = Non-vault XP
 B = Vault XP
 C = Vault XP percentage of total XP
 D = Non-vault monster count
 E = Vault monster count
 F = Vault count percentage of total count
                 A         B        C        D         E       F
            +---------+---------+-------+---------+---------+-------
      Total |     105 |       0 |   0.0 |      46 |       0 |   0.0
            +---------+---------+-------+---------+---------+-------
        D:1 |      40 |       0 |   0.0 |      21 |       0 |   0.0
        D:2 |      61 |       0 |   0.0 |      22 |       0 |   0.0
        D:3 |       4 |       0 |   0.0 |       3 |       0 |   0.0
            +---------+---------+-------+---------+---------+-------
